 Dungeon Crawl Stone Soup version 0.21-a0-221-gfe971b9 (webtiles) character file.

105 tidbits the Insei (level 4, -2/34 HPs)
             Began as a Demigod Transmuter on Aug 26, 2017.
             Slain by an ogre
             ... wielding a +0 giant club
              (23 damage)
             ... on level 5 of the Dungeon.
             The game lasted 00:18:15 (1450 turns).

tidbits the Insei (Demigod Transmuter)              Turns: 1450, Time: 00:18:16

Health: -2/34      AC:  2    Str: 13    XL:     4   Next: 29%
Magic:  3/9        EV: 23    Int: 19    God:
Gold:   82         SH:  0    Dex: 21    Spells: 1/7 levels left

rFire    . . .     SeeInvis .     - Unarmed
rCold    . . .     Gourm    .   (shield currently unavailable)
rNeg     . . .     Faith    .   (armour currently unavailable)
rPois    x         Spirit   .   (helmet currently unavailable)
rElec    .         Reflect  .   (cloak currently unavailable)
rCorr    .         Harm     .   (gloves currently unavailable)
MR       .....                  (boots currently unavailable)
Stlth    ++........             (no amulet)
HPRegen  0.11/turn              V - +4 ring of evasion
MPRegen  0.11/turn              (no ring)

@: spider-form (expiring)
A: high mp 1
a: End Transformation


You were on level 5 of the Dungeon.
You were hungry.
You were a venomous arachnid creature.
You visited 1 branch of the dungeon, and saw 5 of its levels.

You collected 82 gold pieces.

Inventory:

Missiles
 a - 27 arrows
 f - 41 stones (quivered)
Armour
 l - a +2 pair of gloves
 m - a +0 shield
 B - a +0 robe (melded)
 E - a +0 helmet (melded)
 F - a +0 pair of boots
 G - a +2 pair of gloves (melded)
Jewellery
 V - a +4 ring of evasion (left front leg)
   (You found it on level 2 of the Dungeon)
Scrolls
 g - a scroll of enchant weapon
 h - a scroll of noise
 i - a scroll of identify
 r - 2 scrolls of remove curse
Potions
 k - a potion of invisibility
Books
 c - a book of Changes

   Spells                             Type                      Level
   a - Beastly Appendage              Transmutation                1
   b - Sticks to Snakes               Transmutation                2
   c - Spider Form                    Transmutation/Poison         3
   d - Ice Form                       Ice/Transmutation            4
   e - Blade Hands                    Transmutation                5
Comestibles
 d - 2 bread rations
 j - a royal jelly


   Skills:
 - Level 0.8 Fighting
 - Level 1.7 Dodging
 + Level 4.1 Unarmed Combat
 - Level 2.0 Spellcasting
 + Level 2.9 Transmutations


You had one spell level left.
You knew the following spells:

 Your Spells              Type           Power        Failure   Level  Hunger
e - Beastly Appendage     Tmut           ##....       14%         1    #......
k - Sticks to Snakes      Tmut           ##......     21%         2    ###....
p - Spider Form           Tmut/Pois      #.........   50%         3    ###....


Dungeon Overview and Level Annotations

Branches:
Dungeon (5/15)
 Temple: D:4-7

Annotations:
D:3 Grinder
D:4 Moloch's ghost, amateur DsFi
D:5 Menkaure


Innate Abilities, Weirdness & Mutations

You have an increased reservoir of magic. (+10% MP)


Message History

The helpless adder fails to defend itself.
You bite the adder!
The adder is poisoned.
The adder is severely wounded.
The adder completely misses you.
You barely miss the adder.
The adder is severely wounded.
The adder completely misses you. x2
You barely miss the adder.
The adder is severely wounded.
The adder barely misses you.
You hit the adder but do no damage.
The adder is severely wounded.
Your transformation has ended.
Your +0 helmet unmelds from your body.
Your +2 pair of gloves unmelds from your body.
Your +0 robe unmelds from your body.
The adder misses you.
You kill the adder!
There is a stone staircase leading down here.
The hobgoblin shouts!
Casting: Spider Form
Confirm with . or Enter, or press ? or * to list all spells.
You turn into a venomous arachnid creature.
Your +0 helmet melds into your body.
Your +2 pair of gloves melds into your body.
Your +0 robe melds into your body.
You hit the hobgoblin.
The hobgoblin is severely wounded.
The hobgoblin closely misses you.
You hit the hobgoblin.
You kill the hobgoblin!
Okay, then.
There is a stone staircase leading down here.
You climb downwards.
There is a stone staircase leading up here.
Your transformation is almost over.
Your transformation has ended.
Your +0 helmet unmelds from your body.
Your +2 pair of gloves unmelds from your body.
Your +0 robe unmelds from your body.
Magic restored.
Moloch's ghost (amateur Demonspawn Fighter) comes into view.
You are feeling hungry.
Moloch's ghost moves out of view.
Okay, then.
Found 18 stones.
Okay, then.
Moloch's ghost turns its malevolent gaze towards you.
Press: ? - help, v - describe, . - travel A rock wall.
Found a stone staircase leading down.
Moloch's ghost says very slowly, "There's no hope."
There is a stone staircase leading down here.
You climb downwards.
An ogre comes into view. It is wielding a giant club.
The ogre shouts!
Found a glowing malachite amulet.
Found an escape hatch in the floor.
There is a stone staircase leading up here.
As you open the door, it creaks loudly!
You hear a shout!
There is an open door here.
You close the door.
A leopard gecko comes into view.
An ogre opens the door.
Menkaure, Prince of Dust comes into view.
As you read the scroll of identify, it crumbles to dust.
e - 2 scrolls of remove curse Adjust (i)tems, (s)pells, or (a)bilities?
Adjust which item? (? for menu, Esc to quit)
e - 2 scrolls of remove curse Adjust to which letter? (? for menu, Esc to quit)
r - 2 scrolls of remove curse
Casting: Spider Form
Confirm with . or Enter, or press ? or * to list all spells.
You create a snake!
You now have 28 arrows.
Casting: Sticks to Snakes
Confirm with . or Enter, or press ? or * to list all spells.
You turn into a venomous arachnid creature.
Your +0 helmet melds into your body.
Your +2 pair of gloves melds into your body.
Your +0 robe melds into your body.
You hit the ogre but do no damage.
The ogre is poisoned.
The ogre closely misses you.
You swap places.
Your adder bites the ogre.
The ogre looks even sicker.
Your adder poisons the ogre!
The ogre closely misses your adder.
Your adder bites the ogre.
Okay, then.
Okay, then.
Your adder bites the ogre.
The ogre hits your adder with a giant club!
Your adder dies!
Casting: Spider Form
Confirm with . or Enter, or press ? or * to list all spells.
You create a snake!
You now have 27 arrows.
The ogre barely misses your ball python.
You swap places.
The ogre hits you with a giant club!
You barely miss the ogre.
The ogre is heavily wounded.
Your transformation is almost over.
The ogre hits you with a giant club!!
Ouch! That really hurt!
You die...

###.###.#. #.#O #.#.
#.O. #.#. #.#. #.#.
#################.#.
#.SsOM..............
###################.
##


You could see an ogre, Menkaure and a friendly ball python.

Vanquished Creatures
  3 adders
  3 oozes
  2 worms
  3 leopard geckos
  2 giant cockroaches
  5 hobgoblins
  6 jackals (D:2)
  A kobold (D:3)
  5 quokkas
  2 ball pythons
  6 bats
  4 frilled lizards
  6 goblins
  8 rats
56 creatures vanquished.

Vanquished Creatures (collateral kills)
  A leopard gecko (D:3)
1 creature vanquished.

Grand Total: 57 creatures vanquished

Notes
Turn   | Place    | Note
-------+----------+-------------------------------------------
     0 | D:1      | tidbits the Demigod Transmuter began the quest for the Orb.
     0 | D:1      | Reached XP level 1. HP: 15/15 MP: 5/5
   105 | D:1      | Reached skill level 2 in Spellcasting
   342 | D:3      | Noticed Grinder
   358 | D:2      | Reached skill level 2 in Transmutations
   399 | D:2      | Reached XP level 2. HP: 16/22 MP: 5/7
   403 | D:2      | Reached skill level 3 in Unarmed Combat
   417 | D:2      | Learned a level 2 spell: Sticks to Snakes
   732 | D:3      | Reached XP level 3. HP: 27/27 MP: 6/8
   737 | D:3      | Learned a level 3 spell: Spider Form
   745 | D:3      | Paralysed by Grinder for 7 turns
   773 | D:3      | Paralysed by Grinder for 6 turns
  1104 | D:3      | Reached XP level 4. HP: 29/34 MP: 3/9
  1180 | D:3      | Reached skill level 4 in Unarmed Combat
  1369 | D:4      | Noticed Moloch's ghost (amateur DsFi)
  1396 | D:5      | Entered Level 5 of the Dungeon
  1396 | D:5      | Noticed an ogre
  1416 | D:5      | Noticed Menkaure
  1450 | D:5      | Slain by an ogre

Vault maps used:
D:1:      dpeg_arrival_rooms_a
D:2:      kennysheep_okawaru_gauntlet
D:3:      first_bread, uniq_grinder
D:4:      uniq_robin
D:5:      uniq_menkaure

Skill      XL: |  1  2  3  4 |
---------------+-------------+-----
Spellcasting   | 2 |  2.0
Transmutations | 2 |  2.9
Unarmed Combat | 3 4 |  4.1
Fighting       | |  0.8
Dodging        | |  1.7

Action                   |  1- 3 |  4- 6 || total
-------------------------+-------+-------++-------
Melee: Unarmed           |   143 |    29 ||   172
       Headbutt          |     8 |       ||     8
       Kick              |    12 |     5 ||    17
       Punch             |     2 |       ||     2
Throw: Stone             |     5 |       ||     5
 Cast: Beastly Appendage |    32 |     3 ||    35
       Sticks to Snakes  |     7 |     4 ||    11
       Spider Form       |     5 |     3 ||     8
  Use: Scroll            |     4 |     1 ||     5
       Potion            |     4 |       ||     4
 Stab: Sleeping          |     1 |     1 ||     2
  Eat: Fruit             |     3 |       ||     3
       Chunk             |       |     1 ||     1
Armor: Robe              |    31 |     4 ||    35
Dodge: Dodged            |   108 |    18 ||   126

Table legend:
 A = Spawn XP
 B = Non-spawn XP
 C = Spawn XP percentage of total XP
 D = Spawn monster count
 E = Non-spawn monster count
 F = Spawn count percentage of total count
 G = Total turns spent on level
                    A         B        C        D         E        F      G
               +---------+---------+-------+---------+---------+-------+---------
         Total |       8 |     142 |   5.3 |       2 |      55 |   3.5 |  1450
               +---------+---------+-------+---------+---------+-------+---------
           D:1 |       0 |      19 |   0.0 |       0 |      11 |   0.0 |   338
           D:2 |       3 |      72 |   4.0 |       1 |      28 |   3.4 |   616
           D:3 |       5 |      51 |   8.9 |       1 |      16 |   5.9 |   325
               +---------+---------+-------+---------+---------+-------+---------

Table legend:
 A = Turns spent in this place as a percentage of turns spent in the entire game.
 B = Non-inter-level travel turns spent in this place as a percentage of non-inter-level travel turns spent in the entire game.
 C = Inter-level travel turns spent in this place as a percentage of turns spent in this place.
 D = Turns resting spent in this place as a percentage of non-inter-level travel turns spent in this place.
 E = Turns spent auto-exploring this place as a percentage of non-inter-level travel turns spent in this place.
 F = Non-inter-level travel turns spent in this place divided by the number of levels of this place that you've seen.
                   A       B       C       D       E      F
               +-------+-------+-------+-------+-------+----------------------
         Total | 100.0 | 100.0 |   2.6 |   0.0 |   0.0 | 282.4
       Dungeon | 100.0 | 100.0 |   2.6 |   0.0 |   0.0 | 282.4
               +-------+-------+-------+-------+-------+----------------------

Table legend:
 A = Kills in this place as a percentage of kills in entire the game.
 B = Kills by you in this place as a percentage of kills by you in the entire game.
 C = Kills by friends in this place as a percentage of kills by friends in the entire game.
 D = Other kills in this place as a percentage of other kills in the entire game.
 E = Experience gained in this place as a percentage of experience gained in the entire game.
 F = Experience gained in this place divided by the number of levels of this place that you have seen.
                   A       B       C       D       E      F
               +-------+-------+-------+-------+-------+----------------------
         Total | 100.0 | 100.0 | 100.0 |   N/A | 100.0 |  30.0
       Dungeon | 100.0 | 100.0 | 100.0 |   N/A | 100.0 |  30.0
               +-------+-------+-------+-------+-------+----------------------

Vault maps used:
D:1:      dpeg_arrival_rooms_a
D:2:      kennysheep_okawaru_gauntlet
D:3:      first_bread, uniq_grinder
D:4:      uniq_robin
D:5:      uniq_menkaure
